 Dungeon Crawl Stone Soup version 0.28.0-53-g5a82cb258f (webtiles) character file.

Game seed: 6069910072230669152

28 Gabide the Bolt Thrower (level 3, 29/29 HPs)
             Began as a Barachi Hunter on June 18, 2022.
             Was an Initiate of Ashenzari.
             Got out of the dungeon alive.
             The game lasted 00:01:40 (1744 turns).

Gabide the Bolt Thrower (Barachi Hunter)            Turns: 1744, Time: 00:01:40

Health: 29/29      AC:  3    Str: 13    XL:     3   Next: 14%
Magic:  3/3        EV: 12    Int: 17    God:    Ashenzari [......]
Gold:   24         SH:  0    Dex: 14    Spells: 2/2 levels left

rFire   . . .      SeeInvis .   b - +0 short sword
rCold   . . .      Faith    .   (no shield)
rNeg    . . .      Spirit   .   c - +0 leather armour
rPois   .          Reflect  .   (no helmet)
rElec   .          Harm     .   (no cloak)
rCorr   .          Rampage  .   (no gloves)
Will    .....                   (no boots)
Stlth   +.........              (no amulet)
HPRegen 0.09/turn               f - +6 ring of intelligence
MPRegen 0.08/turn               (no ring)

@: slow
A: amphibious, slowness 1, strong legs 1, +LOS
a: Hop, Renounce Religion, Curse Item


You escaped.
You worshipped Ashenzari.
Ashenzari was noncommittal.
You visited 1 branch of the dungeon, and saw 1 of its levels.

You collected 24 gold pieces.

Inventory:

Hand Weapons
 a - a +1 hand crossbow
 b - a +0 short sword (weapon)
Missiles
 d - 45 bolts
Armour
 c - a +0 leather armour (worn)
Jewellery
 f - a +6 ring of intelligence (left hand)
Scrolls
 e - 2 scrolls of identify {unknown}
 g - a scroll of noise {unknown}
 j - a scroll of blinking {unknown}
 k - 2 scrolls of teleportation {unknown}
Potions
 h - a potion of lignification {unknown}
 i - 2 potions of haste {unknown}


   Skills:
 + Level 3.1 Fighting
 * Level 4.7 Crossbows
 - Level 2.1 Dodging
 - Level 0.8 Stealth


You had 2 spell levels left.
You didn't know any spells.
Your spell library contained the following spells:

 Spells                   Type           Power      Damage    Failure   Level
 Summon Guardian Golem    Hex/Summ       0%         N/A       65%         3
 Orb of Destruction       Conj           0%         9d5       100%        7
 Spellforged Servitor     Conj/Summ      0%         N/A       100%        7


Dungeon Overview and Level Annotations

Branches:
Dungeon (1/15)

Altars:
Ashenzari


Innate Abilities, Weirdness & Mutations

You are amphibious.
You cover ground slowly.
You can hop short distances.
You have an extended range of vision and can be seen from far away.


Message History

No target in view!
No target in view!
No target in view!
Things that are here:
a +0 short sword; 2 stones
Things that are here:
a +0 short sword; 2 stones You pick up a book of Dangerous Friends and begin reading...
You add the spells Summon Guardian Golem, Orb of Destruction and Spellforged Servitor to your library.
You now have 24 gold pieces (gained 10).
You see here a +0 whip.
i - 2 purple potions (gained 1)
You see here a frilled lizard skeleton.
You see here a +0 dagger.
Things that are here:
a +0 short sword; 4 stones Done exploring.
Done exploring.
Done exploring.
Done exploring.
Things that are here:
a +0 short sword; 4 stones You see here a +0 dagger.
There is an open door here.
There is a faded altar of an unknown god here.
You cannot tell which god this altar belongs to.
Convert to them anyway?
Ashenzari accepts your prayer! Ashenzari welcomes you!
Ashenzari warns you of distant threats and treasures.
Ashenzari reveals the structure of the dungeon to you.
Ashenzari shows you where magical portals lie.
Done exploring.
Done exploring.
There is an open door here.
Ashenzari invites you to partake of a vision and a curse of melee combat and fortitude.
Okay, then.
Okay, then.
You see here a +0 dagger.
There is an open door here.
There is a staircase leading out of the dungeon here.
Are you sure you want to leave the Dungeon?
This will make you lose the game!
You have escaped!

#.......).....)....#.
#####'######)#.###.##.
#.........##.#.# #....
##.........##.#.#
#####
#8.........8#.#.# #
#...8...8...#...#
#8.........8#.###
##.........##.#
####8@8#####.# #####
#.# #.# #.# #.# ###


There were no monsters in sight!

Vanquished Creatures
  A dart slug (D:1)
  3 endoplasms (D:1)
  6 goblins (D:1)
  3 hobgoblins (D:1)
  A quokka (D:1)
  A ball python (D:1)
  A bat (D:1)
  4 frilled lizards (D:1)
  3 kobolds (D:1)
  A rat (D:1)
24 creatures vanquished.

Notes
Turn   | Place    | Note
-------+----------+-------------------------------------------
     0 | D:1      | Gabide the Barachi Hunter began the quest for the Orb.
     0 | D:1      | Reached XP level 1. HP: 17/17 MP: 1/1
   340 | D:1      | Reached XP level 2. HP: 18/23 MP: 2/2
  1050 | D:1      | Reached XP level 3. HP: 21/29 MP: 3/3
  1340 | D:1      | Found a faded altar of an unknown god.
  1692 | D:1      | Prayed at the altar of an unknown god.
  1692 | D:1      | Became a worshipper of Ashenzari the Shackled
  1744 | D:$      | Got out of the dungeon alive.

Illustrated notes

Levels and vault maps discovered:
D:1:      mrwooster_arrival_statue_3, layout_basic,
          shapermc_ecumenical_altar_mp_vishouse, minmay_cupped

Skill      XL: |  1  2 |
---------------+-------+-----
Fighting       | 3 |  3.1
Crossbows      | |  4.7
Dodging        | |  2.1
Stealth        | |  0.8

Action                   || total
-------------------------++-------
Melee: Short sword       ||    91
 Abil: Hop               ||     1
Armor: Leather armour    ||    18
Dodge: Dodged            ||    56
